 Dungeon Crawl Stone Soup version 0.23.2-1-ga50397a6bc (webtiles) character file.

Game seed: 1163997647833141536

772 MachJacob the Cudgeler (level 7, -4/68 HPs)
             Began as an Ogre Wizard on May 4, 2019.
             Killed from afar by an orc wizard (8 damage)
             ... with a magic dart
             ... on level 4 of the Dungeon.
             The game lasted 00:26:29 (8250 turns).

MachJacob the Cudgeler (Ogre Wizard)                Turns: 8250, Time: 00:26:30

Health: -4/68      AC:  3    Str: 18    XL:     7   Next: 83%
Magic:  12/13      EV: 10    Int: 19    God:
Gold:   243        SH:  0    Dex:  7    Spells: 8/14 levels left

rFire    . . .     SeeInvis .   u - +1 whip (drain)
rCold    + . .     Gourm    .   (no shield)
rNeg     . . .     Faith    .   A - +0 robe {rC+}
rPois    .         Spirit   .   b - +0 hat
rElec    .         Reflect  .   (no cloak)
rCorr    .         Harm     .   (gloves unavailable)
MR       .....                  (boots unavailable)
Stlth    +.........             (no amulet)
HPRegen  0.21/turn              r - +4 ring of strength
MPRegen  0.13/turn              (no ring)

@: no status effects
A: large, unfitting armour, tough skin 1
a: no special abilities


You were on level 4 of the Dungeon.
You were hungry.

You visited 2 branches of the dungeon, and saw 6 of its levels.

You collected 243 gold pieces.

Inventory:

Hand Weapons
 l - a +0 mace
 u - a +1 whip of draining (weapon)
Missiles
 c - 104 stones (quivered)
 m - a throwing net
Armour
 a - a +0 robe
 b - a +0 hat (worn)
 A - a +0 robe of cold resistance (worn)
Jewellery
 q - the ring of Bofeil {rF+ Str-5 Int+6}
   (You took it off an orc on level 4 of the Dungeon)

   [ring of protection from fire]

   It affects your strength (-5).
   It affects your intelligence (+6).
   It protects you from fire.
 r - a +4 ring of strength (left hand)
 y - an uncursed amulet of the gourmand {unknown}
 z - a +3 ring of protection {unknown}
Scrolls
 f - a scroll of remove curse {unknown}
 h - a scroll of amnesia {unknown}
 i - a scroll of random uselessness {unknown}
 o - a scroll of noise {unknown}
 s - 2 scrolls of enchant weapon {unknown}
 v - a scroll of teleportation
Potions
 e - 2 potions of brilliance
 g - a potion of might
 j - a potion of heal wounds {unknown}
 k - a potion of berserk rage
 n - a potion of haste {unknown}
 p - a potion of flight {unknown}
 t - a potion of lignification {unknown}
 w - a potion of mutation {unknown}
 x - a potion of ambrosia {unknown}
 B - a potion of curing {unknown}
Comestibles
 d - 12 rations


   Skills:
 + Level 3.8 Fighting
 * Level 5.2 Maces & Flails
 + Level 3.9 Dodging
 - Level 1.4 Stealth
 - Level 4.0 Spellcasting
 - Level 2.5 Conjurations
   Level 0.8 Summonings
 - Level 0.8 Translocations


You had 8 spell levels left.
You knew the following spells:

 Your Spells              Type           Power        Failure   Level  Hunger
a - Magic Dart            Conj           ##..         4%          1    None
b - Blink                 Tloc           N/A          14%         2    ##.....
c - Conjure Flame         Conj/Fire      #.......     24%         3    ###....

Your spell library contained the following spells:

 Spells                   Type           Power        Failure   Level  Hunger
 Call Imp                 Summ           #.......     14%         2    ##.....
 Slow                     Hex            #.......     21%         2    ##.....
 Mephitic Cloud           Conj/Pois/Air  #.......     28%         3    ###....


Dungeon Overview and Level Annotations

Branches:
Dungeon (5/15)             Temple (1/1) D:5

Altars:
Elyvilon
Gozag
Kikubaaqudgha
Makhleb
Qazlal
Ru
Sif Muna
Uskayaw
Vehumet
Xom
Yredelemnul
Zin

Shops:
D:4 !


Innate Abilities, Weirdness & Mutations

You are too large for most types of armour.
You have tough skin. (AC +1)


Message History

You barely miss something. Something hits you but does no damage.
You hit something. You hit something.
You hear some strange, mumbled words.
A puff of flame appears from out of thin air!
The puff of flame hits you!
You barely miss something.
You hear some strange, mumbled words.
A puff of flame appears from out of thin air!
The puff of flame hits you.
* * * LOW HITPOINT WARNING * * *
You closely miss something. Something hits you but does no damage.
You miss something.
You hear some strange, mumbled words.
A puff of flame appears from out of thin air!
The puff of flame hits you!
* * * LOW HITPOINT WARNING * * *
A magic dart appears from out of thin air!
The magic dart hits you!
You die...

.#..# ##............#####..#
.#..# #..)..........)......#
#..## #........(...........#
#..####........#....#####..#
....#.......>..#.....####.##
##.............)..........#
#...................#######
..........).........#
..##............@...#
.###..[.............#
.#..................#
.##.##.........#....#
##..####.[.....###.##
#..##.......>..####
###..##..........##
.##...............##
...................#


There were no monsters in sight!

Vanquished Creatures
  2 ogres
  A centaur (D:5)
  A hound (D:4)
  3 orc priests
  A bullfrog skeleton (D:4)
  3 worker ants
  4 orc wizards
  3 gnolls (D:2)
  5 adders
  A shadow imp (D:3)
  An ooze (D:2)
  2 dart slugs (D:1)
  2 worms
  3 leopard geckos
  12 orcs
  8 bats
  7 giant cockroaches
  5 goblins
  13 hobgoblins
  7 jackals (D:2)
  2 quokkas (D:4)
  7 frilled lizards
  12 kobolds
  4 rats
109 creatures vanquished.

Notes
Turn   | Place    | Note
-------+----------+-------------------------------------------
     0 | D:1      | MachJacob the Ogre Wizard began the quest for the Orb.
     0 | D:1      | Reached XP level 1. HP: 16/16 MP: 5/5
    89 | D:1      | Reached skill level 1 in Conjurations
   172 | D:1      | Reached XP level 2. HP: 18/24 MP: 1/6
   305 | D:1      | Reached skill level 1 in Maces & Flails
   626 | D:1      | Reached XP level 3. HP: 27/31 MP: 8/8
   728 | D:1      | Learned a level 2 spell: Blink
  1835 | D:2      | Reached XP level 4. HP: 37/39 MP: 1/10
  1845 | D:2      | Reached skill level 2 in Maces & Flails
  3727 | D:3      | Reached XP level 5. HP: 45/45 MP: 2/11
  5040 | D:4      | Reached skill level 3 in Maces & Flails
  5122 | D:4      | Found Zamac's Distillery.
  5231 | D:3      | HP: 2/45 [poisoned by a worker ant]
  5238 | D:3      | HP: 2/45 [poisoned by a worker ant]
  5246 | D:3      | HP: 1/45 [poisoned by a worker ant]
  5599 | D:4      | Noticed an ogre
  5632 | D:4      | Identified the ring of Bofeil {rF+ Str-5 Int+6}
  5723 | D:4      | Reached XP level 6. HP: 40/54 MP: 8/12
  5823 | D:4      | Reached skill level 1 in Fighting
  6315 | D:4      | Learned a level 3 spell: Conjure Flame
  6457 | D:4      | Reached skill level 4 in Maces & Flails
  6491 | D:4      | Reached XP level 7. HP: 33/66 MP: 3/13
  6734 | D:4      | Found a deep blue altar of Sif Muna.
  6822 | D:5      | Entered Level 5 of the Dungeon
  7252 | D:5      | Reached skill level 5 in Maces & Flails
  7486 | D:5      | Found a staircase to the Ecumenical Temple.
  7504 | Temple   | Entered the Ecumenical Temple
  7930 | D:5      | Found a white marble altar of Elyvilon.
  8250 | D:4      | Killed from afar by an orc wizard

Skill      XL: |  1  2  3  4  5  6  7 |
---------------+----------------------+-----
Conjurations   | 1 2 |  2.5
Maces & Flails | 1 2 3 4 5 |  5.2
Spellcasting   | 4 |  4.0
Dodging        | 2 3 |  3.9
Fighting       | 2 3 |  3.8
Stealth        | |  1.4
Summonings     | |  0.8
Translocations | |  0.8

Action                   |  1- 3 |  4- 6 |  7- 9 || total
-------------------------+-------+-------+-------++-------
Melee: Club              |    60 |       |       ||    60
       Unarmed           |     5 |       |       ||     5
       Whip              |    37 |   156 |    56 ||   249
Throw: Stone             |     2 |       |       ||     2
 Cast: Magic Dart        |    96 |   157 |    62 ||   315
  Use: Scroll            |       |     7 |     1 ||     8
  Eat: Ration            |     1 |     2 |       ||     3
       Chunk             |       |     7 |     5 ||    12
Armor: Robe              |    45 |    26 |    17 ||    88
Dodge: Dodged            |    76 |    96 |    21 ||   193
